 Dungeon Crawl Stone Soup version 0.12-a0-1129-g8823b2a (console) character file.

557 vogonpoet the Poker (level 6, -3/50 HPs)
             Began as a Minotaur Artificer on Nov 19, 2012.
             Slain by vogonpoet's ghost (13 damage)
             ... on Level 4 of the Dungeon.
             The game lasted 00:10:13 (3114 turns).

vogonpoet the Poker (Minotaur Artificer)            Turns: 3114, Time: 00:10:13

HP  -3/50        AC  8     Str 15 (18) XL: 6   Next: 52%
MP   5/5         EV  9     Int  9      God:
Gold 161         SH  0     Dex 10      Spells:  0 memorised,  5 levels left

Res.Fire  : . . .   See Invis. : .   r - +1,-1 spear
Res.Cold  : . . .   Warding    : .   y - +0 orc ring mail
Life Prot.: . . .   Conserve   : .   (no shield)
Res.Poison: .       Res.Corr.  : .   (helmet restricted)
Res.Elec. : .       Clarity    : .   (no cloak)
Sust.Abil.: . .     Spirit.Shd : .   (no gloves)
Res.Mut.  : .       Stasis     : .   w - +2 pair of boots
Res.Rott. : .       Ctrl.Telep.: .   (no amulet)
Saprovore : . . .   Flight     : .   (no ring)
                                     (no ring)

@: slightly resistant to hostile enchantments, very unstealthy
A: retaliatory headbutt, horns 2
a: no special abilities


You were on level 4 of the Dungeon.
You were hungry.

You visited 1 branch of the dungeon, and saw 5 of its levels.

You collected 141 gold pieces.

Inventory:

Hand weapons
 a - a +0,+0 short sword
 r - a +1,-1 spear (weapon)
Missiles
 l - 12 arrows
 v - 12 poisoned needles
 z - 42 darts (quivered)
 C - 6 javelins
Armour
 e - a +0 leather armour
 t - a +6 plate armour of ponderousness
 w - a +2 pair of boots (worn)
 y - a +0 orcish ring mail (worn)
Magical devices
 b - a wand of flame (13)
 c - a wand of enslavement (15)
 d - a wand of random effects (14)
Comestibles
 f - 4 bread rations
 p - 3 meat rations
 x - a sausage
 D - a rotting chunk of bat flesh
 E - a rotting chunk of adder flesh
Scrolls
 g - a scroll of recharging
 j - a scroll of fear {unknown}
 o - a scroll of magic mapping {unknown}
 s - a scroll of blinking {unknown}
 u - a scroll of curse armour {unknown}
 B - a scroll of noise {unknown}
 F - a scroll of fog {unknown}
Jewellery
 m - an uncursed ring of ice {unknown}
 A - an uncursed ring of magical power {unknown}
Potions
 h - a potion of confusion {unknown}
 i - a potion of slowing {unknown}
 k - 3 potions of speed
 n - a potion of brilliance
 q - a potion of poison {unknown}
 G - a potion of cure mutation {unknown}


   Skills:
 - Level 3.0 Fighting
 - Level 1.1 Short Blades
 + Level 7.1 Polearms
 - Level 1.9 Armour
 - Level 2.1 Dodging
 - Level 0.7 Stealth
 - Level 2.0 Traps
 - Level 2.6 Evocations


You had 5 spell levels left.
You didn't know any spells.

Dungeon Overview and Level Annotations

Branches:
Dungeon (5/27)
 Temple: D:4-7

Altars:
Xom
Yredelemnul
the Shining One

Annotations
D:4 vogonpoet's ghost, average TrWn


Innate Abilities, Weirdness & Mutations

You reflexively headbutt those who attack you in melee.
You have a pair of horns on your head.


Message History

Your ring mail prevents you from hitting vogonpoet's ghost.
Vogonpoet's ghost is lightly damaged.
Vogonpoet's ghost hits you.
You barely miss vogonpoet's ghost.
Vogonpoet's ghost is lightly damaged.
Vogonpoet's ghost closely misses you.
You hit vogonpoet's ghost but do no damage.
Vogonpoet's ghost is lightly damaged.
Vogonpoet's ghost hits you!
* * * LOW HITPOINT WARNING * * *
You are too injured to fight blindly!
You are too injured to fight blindly!
You are too injured to fight blindly!
You are too injured to fight blindly!
You hit vogonpoet's ghost but do no damage.
Vogonpoet's ghost is lightly damaged.
You hit vogonpoet's ghost but do no damage.
Vogonpoet's ghost is lightly damaged.
Vogonpoet's ghost hits you!
You die...

######### #.......#
##########.#####.##
#.......##........#
#.#####.##.#####..####
#####.##.##.##.###.......#
#.......#...@......#..##.#
#.###.##.##.p..#####..##.## #.#
#.####.....#####..#...#
#####.###.................#...#
#........#######.#........#...#
# #.###.##.# #.###########.## #
#.###.##.# #.# #p# # #..##.##.#
##'## #.# # #.#...##.# ##...##
#.# #


You could see vogonpoet's ghost.

Vanquished Creatures
  2 phantoms (D:4)
  A water moccasin skeleton (D:4)
  A worker ant (D:4)
  2 orc wizards
  3 adders
  An iguana skeleton (D:4)
  A worm (D:3)
  A giant gecko (D:3)
  An ooze (D:1)
  4 orcs (D:4)
  A ball python (D:3)
  5 goblins
  4 hobgoblins
  6 jackals
  6 kobolds
  3 quokkas
  6 bats
  5 giant cockroaches
  2 giant newts
  A goblin zombie (D:4)
  A kobold zombie (D:4)
  3 rats
  A rat skeleton (D:4)
61 creatures vanquished.

Vanquished Creatures (others)
  A toadstool (D:1)
1 creature vanquished.

Grand Total: 62 creatures vanquished

Notes
Turn   | Place    | Note
--------------------------------------------------------------
     0 | D:1      | vogonpoet, the Minotaur Artificer, began the quest for the Orb.
     0 | D:1      | Reached XP level 1. HP: 17/17 MP: 1/1
   416 | D:1      | Reached XP level 2. HP: 14/24 MP: 1/1
   494 | D:1      | Found a shimmering altar of Xom.
   495 | D:1      | Found a shimmering altar of Xom.
   496 | D:1      | Found a shimmering altar of Xom.
   496 | D:1      | Found a shimmering altar of Xom.
   496 | D:1      | Found a shimmering altar of Xom.
   496 | D:1      | Found a shimmering altar of Xom.
   607 | D:1      | Found a shimmering altar of Xom.
   868 | D:1      | Reached skill level 3 in Fighting
  1025 | D:2      | Reached skill level 1 in Armour
  1048 | D:2      | Reached XP level 3. HP: 17/30 MP: 3/3
  1284 | D:2      | Found a glowing golden altar of the Shining One.
  1600 | D:4      | Found a basalt altar of Yredelemnul.
  1642 | D:4      | Noticed a phantom
  1669 | D:4      | Reached XP level 4. HP: 16/37 MP: 3/3
  1997 | D:4      | Reached skill level 4 in Polearms
  2069 | D:4      | Reached XP level 5. HP: 34/42 MP: 4/4
  2098 | D:4      | Noticed a phantom
  2128 | D:4      | Killed a phantom
  2128 | D:4      | Reached skill level 5 in Polearms
  2533 | D:3      | Reached skill level 6 in Polearms
  2533 | D:3      | Reached XP level 6. HP: 50/50 MP: 5/5
  2911 | D:4      | Killed a phantom
  2911 | D:4      | Reached skill level 7 in Polearms
  3031 | D:4      | Noticed vogonpoet's ghost (average TrWn)
  3060 | D:5      | Entered Level 5 of the Dungeon
  3114 | D:4      | Slain by vogonpoet's ghost
